Map: Abyssal Reef LE

Players

Juxtapose - Winner!

  • Race: Protoss Protoss
  • League: Silver
  • Spawn Location: 11:00

Rainmaker

  • Race: Protoss Protoss
  • League: Silver
  • Spawn Location: 5:00

VOD

https://youtu.be/AXO7ajKRKNw

Description

I was both pleased and surprised to be matched against another Silver League opponent this game, and I had lots of fun.

I toyed with Force Field a bit, which helped in a few situations and had the match dragged on I would have got a Twilight Council since my opponent didn't have much Detection.

I also don't think I've ever seen so many Warp Gates before!

Time

  • Played on: July 24, 2017, 8:06 p.m.
  • Length: 10:56
Show
View Real Time Build Order
Export as new Build Order

Juxtapose Protoss - Winner!

Build Orders:  

Get SALT Encoding   

  12  0:01  Probe (Chrono Boost)  
  13  0:12  Probe (Chrono Boost)  
  14  0:19  Pylon  
  14  0:23  Probe (Chrono Boost)  
  15  0:37  Probe (Chrono Boost)  
  15  0:41  Gateway  
  16  0:48  Probe (Chrono Boost)  
  17  0:58  Probe (Chrono Boost)  
  18  1:07  Pylon  
  18  1:09  Probe (Chrono Boost)  
  19  1:19  Probe (Chrono Boost)  
  20  1:30  Probe (Chrono Boost)  
  21  1:34  Cybernetics Core  
  21  1:39  Assimilator  
  21  1:40  Probe (Chrono Boost)  
  21  1:43  Assimilator  
  22  2:05  Gateway  
  22  2:09  Probe (Chrono Boost)  
  23  2:17  Pylon  
  23  2:19  Zealot  
  25  2:25  Warp Gate  
  24  2:46  Zealot  
  24  2:48  Pylon  
  24  2:50  Mothership Core (Chrono Boost)  
  28  2:52  Zealot  
  30  3:08  Twilight Council  
  30  3:14  Zealot  
  32  3:33  Robotics Facility  
  32  3:40  Gateway  
  32  3:42  Pylon  
  32  3:46  Probe (Chrono Boost)  
  33  3:48  Charge (Chrono Boost)  
  33  3:57  Nexus  
  33  4:12  Stalker  
  33  4:13  Stalker  
  37  4:23  Pylon  
  37  4:29  Pylon  
  37  4:33  Observer  
  38  4:55  Immortal  
  42  5:08  Probe  
  43  5:15  Probe  
  43  5:18  Sentry  
  43  5:19  Sentry, Probe  
  49  5:27  Probe  
  50  5:29  Probe  
  50  5:32  Sentry  
  53  5:49  Forge  
  53  5:51  Gateway  
  53  5:52  Immortal (Chrono Boost)  
  53  5:56  Probe  
  58  6:07  Probe  
  59  6:17  Probe  
  59  6:23  Assimilator  
  60  6:27  Stalker, Pylon  
  60  6:29  Stalker x2, Warp Prism (Chrono Boost)  
  68  6:48  Forge  
  68  7:13  Pylon  
  68  7:14  Zealot  
  68  7:15  Zealot x3  
  74  7:32  Probe  
  75  7:43  Probe  
  75  7:44  Stalker  
  75  7:45  Stalker  
  75  7:47  Stalker x2  
  80  7:53  Probe  
  81  8:02  Protoss Ground Weapons Level 1  
  81  8:04  Probe, Protoss Ground Armor Level 1  
  82  8:14  Probe  
  82  8:15  Immortal (Chrono Boost)  
  82  8:16  Zealot  
  82  8:17  Zealot x2  
  93  8:35  Pylon  
  93  8:54  Immortal (Chrono Boost)  
  95  9:01  Zealot x3  
  95  9:02  Zealot  
  89  9:28  Immortal (Chrono Boost)  
  91  9:31  Zealot x2  
  91  9:32  Zealot x2  
  95  10:06  Zealot x4  
  95  10:27  Sentry, Zealot  
  95  10:28  Zealot x2  
Show
View Real Time Build Order
Export as new Build Order

Rainmaker Protoss 

Build Orders:  

Get SALT Encoding   

  12  0:01  Probe (Chrono Boost)  
  13  0:11  Probe (Chrono Boost)  
  14  0:26  Pylon  
  14  0:30  Probe (Chrono Boost)  
  15  0:44  Probe (Chrono Boost)  
  15  0:46  Gateway  
  16  0:55  Probe (Chrono Boost)  
  17  1:05  Probe (Chrono Boost)  
  17  1:06  Gateway  
  18  1:14  Pylon  
  18  1:16  Probe (Chrono Boost)  
  19  1:42  Probe (Chrono Boost)  
  20  1:52  Probe (Chrono Boost)  
  21  1:57  Nexus  
  21  2:03  Probe (Chrono Boost)  
  21  2:07  Cybernetics Core  
  22  2:16  Assimilator  
  22  2:20  Assimilator  
  22  2:23  Pylon  
  22  2:27  Probe (Chrono Boost)  
  23  2:37  Probe (Chrono Boost)  
  24  2:48  Probe (Chrono Boost)  
  25  2:58  Probe (Chrono Boost), Warp Gate (Chrono Boost)  
  26  3:10  Probe  
  27  3:17  Robotics Facility  
  27  3:20  Probe  
  28  3:31  Probe  
  29  3:40  Gateway  
  29  3:41  Gateway  
  29  3:42  Probe  
  29  3:48  Pylon  
  30  3:52  Probe  
  30  3:53  Forge  
  31  4:03  Probe  
  31  4:05  Probe  
  33  4:13  Probe  
  34  4:17  Probe  
  34  4:22  Twilight Council  
  34  4:24  Probe  
  35  4:30  Probe, Photon Cannon  
  37  4:33  Protoss Ground Weapons Level 1 (Chrono Boost)  
  37  4:37  Warp Prism (Chrono Boost)  
  39  4:55  Photon Cannon  
  39  4:58  Charge (Chrono Boost)  
  39  5:18  Pylon  
  39  5:21  Pylon  
  39  5:28  Gateway  
  39  5:37  Gateway  
  39  5:40  Gateway  
  39  5:42  Gateway  
  39  5:52  Assimilator  
  39  6:00  Zealot x2  
  39  6:01  Zealot x2  
  47  6:14  Probe  
  48  6:26  Protoss Shields Level 1 (Chrono Boost)  
  48  6:55  Zealot x2  
  48  6:56  Zealot x2  
  48  6:57  Zealot  
  48  6:58  Zealot x2  
  40  7:39  Zealot x5  
  40  7:40  Zealot x2  
  40  8:01  Gateway  
  40  8:02  Gateway  
  40  8:04  Gateway  
  38  8:07  Gateway  
  38  8:19  Warp Prism  
  40  8:29  Zealot x2  
  40  8:30  Zealot x3  
  40  8:32  Zealot x3  
  52  8:56  Immortal  
  52  8:57  Zealot x4  
  52  8:58  Zealot x3  
  52  8:59  Zealot  
  52  9:01  Nexus  
  60  9:05  Pylon  
  60  9:08  Pylon  
  44  9:21  Zealot x3  
  44  9:22  Zealot x5  
  60  9:30  Zealot x3  
  60  9:31  Zealot x2  
  58  9:35  Immortal  
  56  9:51  Zealot  
  56  9:52  Zealot x4  
  50  9:53  Zealot x3  
  42  10:13  Zealot x3  
  33  10:15  Zealot x5  
  19  10:37  Zealot x5  
  19  10:38  Zealot  
Tags
 
Matchup
PvP
Spawn Locations
Cross Positions
Add a new tag
Caveats
  • Supply blocks, unpowered buildings, or Contaminate may cause inaccurate times.
  • Supply counts are checked every 10 seconds.